 Dungeon Crawl Stone Soup version 0.31.0-1-g2c135a008e (webtiles) character file.

Game seed: 8709725936973779231

14 qw the Shooter (level 2, 0/23 HPs)
             Began as a Djinni Hunter on Jan 23, 2024.
             Frozen to death by an endoplasm (6 damage)
             ... on level 1 of the Dungeon.
             The game lasted 00:00:01 (693 turns).

qw the Shooter (Djinni Hunter)                       Turns: 693, Time: 00:00:02

Health: 0/23       AC:  3    Str: 10    XL:     2   Next: 60%
Gold:   41         EV: 12    Int: 10    God:
                   SH:  0    Dex: 16

rFire   + + .        d - +0 orcbow
rCold   x . .        (shield currently unavailable)
rNeg    . . .        c - +0 leather armour
rPois   inf          (no helmet)
rElec   .            (no cloak)
rCorr   .            (no gloves)
SInv    .            (boots unavailable)
Will    .....        (no amulet)
Stlth   +            (no ring)
HPRegen 0.23/turn    (no ring)
MPRegen 0.00/turn

%: infuse magic (-1 HP)
@: flying
A: sickness immunity, fire resistance 2, cold vulnerability 1, float, innate
caster, HP casting, extra vitality 1
a: no special abilities


You were on level 1 of the Dungeon.
You visited 1 branch of the dungeon, and saw 2 of its levels.

You collected 41 gold pieces.


Innate Abilities, Weirdness & Mutations

You are immune to sickness and miasma.
You are immune to poison.
Your flesh is very heat resistant. (rF++)
You are vulnerable to cold. (rC-)
You float through the air rather than walking.
You learn spells naturally, not from books.
Your magical power is your life essence.
You have superior vitality. (+4 MHP)


   Skills:
 - Level 2.0 Fighting
 + Level 3.8 Ranged Weapons
 - Level 2.1 Dodging
 - Level 0.7 Stealth You didn't know any spells. Your spell library was empty.

Inventory:

Hand Weapons
 d - a +0 orcbow (weapon)
Armour
 c - a +0 leather armour (worn)
Potions
 a - 2 potions of curing
 e - a potion of might
 g - a potion of lignification {unknown}

Dungeon Overview and Level Annotations

Branches:
Dungeon (2/15)

Altars:


Message History

Done exploring.
661 ||| DROPPING scroll of butterflies.
You drop a scroll of butterflies.
Done exploring.
What level of the Dungeon? (default 1, ? - help)
There is a stone staircase leading down here.
You fly downwards.
Found 5 stones, two robes and a short sword.
Found an escape hatch in the floor.
Found a stone staircase leading down and a stone staircase leading up.
There is a stone staircase leading up here.
There are monsters nearby!
Waypoint 1 assigned to D:2.
687 ||| STAIRDANCE The endoplasm closely misses you.
You fly upwards.
There is a stone staircase leading down here.
Done exploring.
What level of the Dungeon? (default 2, ? - help)
You fly downwards.
The kobold shouts!
The kobold throws a stone.
The stone barely misses you.
The stone hits the endoplasm.
The endoplasm freezes you.
You are frozen!
You feel a terrible chill!
The endoplasm quivers.
There is a stone staircase leading up here.
691 ||| STAIRDANCE The endoplasm freezes you.
You are frozen.
The endoplasm freezes you.
You are frozen.
You feel a terrible chill!
You fly upwards.
There is a stone staircase leading down here.
You shoot an arrow.
The arrow hits the endoplasm but does no damage.
The endoplasm freezes you.
You are frozen.
You feel a terrible chill! The endoplasm closely misses you.
The endoplasm freezes you.
You are frozen.
You feel a terrible chill!
You die...

######### #.....
#.......# #.####
#.......######.....
#..................
#..................
#.......###########
#.......# #......
#JJ.....#####.#####
##@................
############..####
#..# #..# #..# #..#
#..# 77 #..#778
#..#7~~


You could see 2 endoplasms.

Vanquished Creatures
  A dart slug (D:1)
  An endoplasm (D:1)
  A giant cockroach (D:1)
  A goblin (D:1)
  A hobgoblin (D:1)
  2 quokkas (D:1)
  A ball python (D:1)
  2 frilled lizards (D:1)
  2 kobolds (D:1)
12 creatures vanquished.

Notes
Turn   | Place    | Note
-------+----------+-------------------------------------------
     0 | D:1      | qw the Djinni Hunter began the quest for the Orb.
     0 | D:1      | Reached XP level 1. HP: 18/18 MP: 0/0
     0 | D:1      | 0 ||| qw: Version: 0.3-a-134-g2ba4250
     0 | D:1      | 0 ||| qw: Game counter: 753
     0 | D:1      | 0 ||| qw: Melee chars always use a shield: true
     0 | D:1      | 0 ||| qw: God list: Okawaru
     0 | D:1      | 0 ||| qw: Allow faded altars: false
     0 | D:1      | 0 ||| qw: Do Orc after clearing Dungeon:15 true
     0 | D:1      | 0 ||| qw: Do second Lair branch before Depths: true
     0 | D:1      | 0 ||| qw: Lair rune preference: random
     0 | D:1      | 0 ||| qw: Goals: Normal
     0 | D:1      | 0 ||| PLANNING D:1-11
    66 | D:1      | 66 ||| SWAPPING to +0 orcbow.
    68 | D:1      | 68 ||| DROPPING +0 shortbow.
   106 | D:1      | Reached XP level 2. HP: 23/23 MP: 0/0
   658 | D:1      | 658 ||| READING scroll labelled SEPPOCIRED.
   658 | D:1      | 658 ||| IDENTIFYING murky ruby potion
   659 | D:1      | 659 ||| READING scroll labelled OKHLIG CAUDI.
   660 | D:1      | 660 ||| DRINKING 3 puce potions.
   661 | D:1      | 661 ||| DROPPING scroll of butterflies.
   687 | D:2      | 687 ||| STAIRDANCE
   691 | D:2      | 691 ||| STAIRDANCE
   693 | D:1      | Frozen to death by an endoplasm

Levels and vault maps discovered:
D:1:      psy_arrival_wood_between_worlds, layout_basic
D:2:      layout_rooms, shapermc_ecumenical_altar_rom_forum

Action                     || total
---------------------------++-------
   Fire: Shortbow          ||     4
         Orcbow            ||    27
    Use: Scroll            ||     2
         Potion            ||     1
 Armour: Leather armour    ||     9
  Dodge: Dodged            ||     9

Table legend:
 A = Non-vault XP
 B = Vault XP
 C = Vault XP percentage of total XP
 D = Non-vault monster count
 E = Vault monster count
 F = Vault count percentage of total count
                 A         B        C        D         E       F
            +---------+---------+-------+---------+---------+-------
      Total |      21 |       0 |   0.0 |      12 |       0 |   0.0
            +---------+---------+-------+---------+---------+-------
        D:1 |      21 |       0 |   0.0 |      12 |       0 |   0.0
            +---------+---------+-------+---------+---------+-------
